Map: Mech Depot LE

Players

Snute - Winner!

  • Race: Zerg Zerg
  • Spawn Location: 7:00

NoRegreT

  • Race: Zerg Zerg
  • Spawn Location: 1:00

Event: WCS Montreal 2017

VOD

Have the link to the VOD?

Description

Time

  • Played on: Sept. 8, 2017, 2:40 p.m.
  • Length: 8:59

All games in this series

Show
View Real Time Build Order
Export as new Build Order

Snute Zerg - Winner!

Build Orders: Pool First 

Get SALT Encoding   

  12  0:00  Drone  
  13  0:12  Overlord  
  13  0:17  Drone  
  14  0:30  Drone x2  
  14  0:33  Drone  
  17  0:37  Extractor  
  16  0:44  Drone  
  17  0:50  Spawning Pool  
  17  0:55  Drone  
  17  1:06  Drone  
  18  1:21  Hatchery  
  17  1:36  Queen  
  17  1:38  Metabolic Boost  
  19  1:41  Zergling x2  
  20  1:48  Overlord  
  20  1:52  Zergling x2  
  21  1:56  Zergling x2  
  22  2:08  Zergling x2  
  23  2:12  Queen  
  25  2:18  Zergling x2  
  26  2:26  Zergling x2  
  27  2:30  Baneling Nest  
  27  2:34  Zergling x2  
  27  2:38  Zergling x2  
  27  2:44  Zergling x8  
  31  2:50  Overlord  
  32  2:56  Overlord  
  32  2:59  Drone  
  32  3:07  Drone  
  32  3:09  Drone  
  34  3:15  Drone  
  34  3:17  Drone  
  36  3:20  Drone  
  36  3:24  Drone x2  
  36  3:27  Drone  
  36  3:32  Drone  
  36  3:33  Drone  
  35  3:36  Drone  
  35  3:40  Drone  
  36  3:43  Zergling x2  
  35  3:50  Zergling x2  
  35  3:54  Zergling x2  
  36  3:59  Queen  
  38  4:03  Baneling x2  
  38  4:04  Drone x5  
  38  4:06  Drone  
  38  4:07  Drone  
  45  4:13  Overlord  
  45  4:19  Zergling x4  
  45  4:24  Queen  
  45  4:27  Zergling x2  
  46  4:32  Zergling x8  
  46  4:38  Drone x2  
  41  4:39  Baneling x2  
  41  4:44  Baneling  
  40  4:49  Drone x3  
  40  4:50  Baneling  
  43  4:53  Drone  
  43  4:55  Drone  
  45  5:00  Drone  
  45  5:06  Drone  
  47  5:14  Hatchery  
  46  5:23  Zergling x2  
  46  5:24  Zergling x8  
  47  5:33  Drone x4  
  47  5:35  Baneling  
  50  5:40  Baneling x2  
  50  5:43  Baneling x2  
  50  5:44  Drone  
  50  5:49  Zergling x6  
  52  5:50  Baneling  
  52  5:56  Zergling x6  
  55  6:00  Drone x2  
  55  6:03  Extractor, Drone  
  55  6:05  Extractor  
  55  6:10  Baneling  
  54  6:13  Roach Warren  
  54  6:15  Drone x4  
  57  6:25  Zergling x6  
  59  6:31  Drone  
  59  6:32  Drone x2  
  62  6:34  Drone x2  
  62  6:38  Drone  
  61  6:41  Overlord  
  61  6:45  Overlord x2  
  59  6:52  Overlord  
  57  6:54  Roach x3  
  57  6:55  Roach  
  68  7:01  Roach x3  
  68  7:02  Roach  
  68  7:05  Roach  
  73  7:10  Roach  
  73  7:11  Roach  
  73  7:15  Roach x2  
  81  7:19  Roach  
  83  7:23  Queen  
  83  7:26  Roach x2  
  83  7:28  Roach  
  90  7:31  Roach x2  
  92  7:42  Roach x4  
  93  7:46  Roach x2  
  93  7:47  Overlord  
  97  7:52  Overlord  
  97  8:01  Overlord  
  97  8:08  Zergling x18  
  92  8:13  Ravager x2  
  92  8:15  Roach x3  
  92  8:18  Zergling x2  
  98  8:25  Roach x5  
  108  8:28  Zergling x6  
  108  8:33  Zergling x4  
  113  8:37  Baneling  
  113  8:38  Baneling  
  104  8:58  Ravager  
Show
View Real Time Build Order
Export as new Build Order

NoRegreT Zerg 

Build Orders: Hatch First, Zergling Baneling 

Get SALT Encoding   

  12  0:00  Drone  
  13  0:08  Drone  
  14  0:16  Overlord  
  14  0:27  Extractor  
  14  0:28  Drone  
  15  0:35  Drone x2  
  17  0:54  Hatchery  
  17  0:57  Drone  
  17  0:59  Extractor  
  16  1:14  Spawning Pool  
  16  1:17  Drone  
  16  1:22  Drone  
  16  1:24  Drone  
  18  1:29  Drone  
  19  1:39  Overlord  
  19  1:49  Drone  
  20  2:00  Queen  
  20  2:01  Metabolic Boost  
  22  2:08  Queen  
  22  2:14  Drone  
  22  2:15  Zergling x2  
  26  2:19  Drone  
  27  2:28  Baneling Nest, Drone  
  27  2:30  Drone  
  27  2:33  Drone  
  27  2:36  Zergling x2  
  30  2:40  Drone  
  30  2:43  Overlord  
  31  2:52  Queen  
  31  2:53  Zergling x2  
  31  2:56  Drone  
  35  3:01  Zergling x2  
  36  3:05  Zergling x2  
  36  3:10  Zergling x2  
  36  3:12  Zergling x6  
  40  3:16  Zergling x2  
  40  3:18  Zergling x4  
  42  3:20  Zergling x2  
  34  3:34  Zergling x2  
  34  3:35  Zergling x2  
  34  3:37  Baneling  
  34  3:39  Zergling x2  
  35  3:41  Zergling x2  
  35  3:46  Zergling x2  
  37  3:51  Zergling x2  
  37  3:54  Zergling x2  
  38  3:57  Evolution Chamber  
  38  4:02  Zergling x2  
  38  4:05  Zergling x2  
  38  4:09  Baneling x2  
  39  4:10  Baneling  
  39  4:13  Zergling x2  
  40  4:18  Zergling x2  
  40  4:19  Zergling x6  
  40  4:23  Baneling x2  
  43  4:27  Zergling x2  
  36  4:39  Zergling x4  
  36  4:42  Drone x2  
  38  4:48  Zergling x2  
  38  4:50  Drone x2  
  41  4:53  Drone x2  
  41  4:57  Zergling x2, Baneling x2  
  44  5:07  Baneling  
  44  5:09  Overlord  
  42  5:28  Zergling x8  
  39  5:29  Zergling x2  
  39  5:32  Zergling x6  
  39  5:33  Zergling x4  
  42  5:44  Drone  
  42  5:47  Hatchery  
  41  5:53  Drone  
  42  5:59  Zerg Melee Weapons Level 1  
  42  6:01  Zergling x4  
  43  6:13  Overlord  
  43  6:14  Baneling  
  43  6:17  Overlord, Baneling  
  43  6:30  Zergling x2  
  43  6:32  Zergling x2  
  41  6:34  Zergling x2  
  41  6:35  Zergling x2  
  41  6:36  Zergling x4  
  41  6:37  Zergling x4  
  41  6:39  Zergling x6  
  46  6:41  Zergling x4  
  46  6:42  Zergling x2  
  48  6:50  Queen, Zergling x2  
  48  6:52  Zergling x2  
  47  7:01  Zergling x6  
  48  7:11  Zergling x2  
  48  7:12  Baneling x5  
  48  7:13  Baneling  
  48  7:14  Zergling x2  
  50  7:16  Zergling x4  
  50  7:20  Zergling x2  
  50  7:22  Zergling x2  
  54  7:23  Zergling x2  
  54  7:26  Zergling x2  
  54  7:28  Zergling x2  
  54  7:31  Zergling x2  
  54  7:32  Zergling x2  
  54  7:35  Zergling x2  
  57  7:41  Zergling x2  
  57  7:43  Zergling x4  
  53  7:45  Zergling x2  
  53  7:47  Zergling x2  
  53  7:51  Zergling x2  
  55  7:52  Zergling x2  
  55  7:54  Zergling x2  
  55  7:57  Zergling x2  
  57  7:58  Zergling x2  
  57  8:04  Zergling x2  
  57  8:10  Zergling x6  
  57  8:12  Zergling x2  
  50  8:16  Zergling x2  
  50  8:18  Zergling x4  
  48  8:21  Zergling x2  
  48  8:24  Zergling x2  
  48  8:25  Zergling x2  
  51  8:27  Zergling x2  
  51  8:33  Zergling x4  
  54  8:34  Baneling  
  54  8:36  Zergling x2  
  54  8:38  Baneling  
  54  8:41  Zergling x2  
  54  8:42  Zergling x2  
Tags
 
Add a new tag
Caveats
  • Supply blocks, unpowered buildings, or Contaminate may cause inaccurate times.
  • Supply counts are checked every 10 seconds.